 Dungeon Crawl Stone Soup version 0.22.0-6-g71bd7aa (webtiles) character file.

872 tidbits the Sneak (level 8, 2/60 HPs)
             Began as a Gnoll Wanderer on Aug 14, 2018.
             Quit the game on level 7 of the Dungeon.
             The game lasted 00:09:28 (1146 turns).

tidbits the Sneak (Gnoll Wanderer)                  Turns: 1146, Time: 00:09:29

Health: 2/60       AC:  4    Str: 13    XL:     8   Next: 4%
Magic:  21/21      EV: 14    Int: 20    God:
Gold:   166        SH:  0    Dex: 13    Spells: 12/12 levels left

rFire    + . .     SeeInvis .   b - +0 dagger
rCold    + . .     Gourm    .   (no shield)
rNeg     . . .     Faith    .   e - +0 robe
rPois    +         Spirit   .   (no helmet)
rElec    +         Reflect  .   (no cloak)
rCorr    +         Harm     .   (no gloves)
MR       .....                  (no boots)
Stlth    +++.......             (no amulet)
HPRegen  0.20/turn              i - ring of magical power
MPRegen  0.17/turn              (no ring)

@: resistant
A: distributed training, fangs 1, talons 1, icy blue scales 1, sense
surroundings 1, strong nose
a: no special abilities


You were on level 7 of the Dungeon.
You were hungry.

You visited 1 branch of the dungeon, and saw 7 of its levels.

You collected 166 gold pieces.

Inventory:

Hand Weapons
 a - a +2 short sword
 b - a +0 dagger (weapon)
 c - a +0 shortbow
 k - a +0 long sword
 p - a +0 flail
 r - a +0 war axe
Missiles
 d - 36 arrows
 s - 27 bolts
Armour
 e - a +0 robe (worn)
Jewellery
 i - a ring of magical power (left hand)
   (You found it on level 6 of the Dungeon)
Scrolls
 f - a scroll of fear {unknown}
 h - 2 scrolls of remove curse {unknown}
 j - a scroll of magic mapping {unknown}
 l - a scroll of amnesia {unknown}
 m - a scroll of enchant armour
 n - a scroll of enchant weapon
 o - a scroll of blinking
 q - a scroll of fog
Potions
 t - a potion of resistance
Comestibles
 g - 5 rations


   Skills:
 + Level 3.9 Fighting
 + Level 5.4 Short Blades
 + Level 2.8 Long Blades
 + Level 2.8 Axes
 + Level 2.8 Maces & Flails
 + Level 2.8 Polearms
 + Level 2.8 Staves
 + Level 2.8 Slings
 + Level 5.4 Bows
 + Level 2.8 Crossbows
 + Level 2.8 Throwing
 + Level 2.8 Armour
 + Level 3.9 Dodging
 + Level 6.6 Stealth
 + Level 3.9 Shields
 + Level 2.8 Unarmed Combat
 + Level 2.8 Spellcasting
 + Level 2.3 Conjurations
 + Level 2.3 Hexes
 + Level 2.3 Charms
 + Level 2.3 Summonings
 + Level 2.3 Necromancy
 + Level 2.3 Translocations
 + Level 2.3 Transmutations
 + Level 2.3 Fire Magic
 + Level 2.3 Ice Magic
 + Level 2.3 Air Magic
 + Level 2.3 Earth Magic
 + Level 2.3 Poison Magic
 + Level 3.1 Invocations
 + Level 2.8 Evocations


You had 12 spell levels left.
You didn't know any spells.
Your spell library was empty.

Dungeon Overview and Level Annotations

Branches:
Dungeon (7/15)
 Temple: D:4-7

Altars:
Trog
Yredelemnul

Annotations:
D:5 1 runed door, melvinkitnick's ghost, amateur GrFi
D:7 Joseph


Innate Abilities, Weirdness & Mutations

Your experience applies equally to all skills.
You have very sharp teeth.
Your uncanny sense of smell can sniff out nearby items.
You have sharp toenails.
You are partially covered in icy blue scales. (AC +2)
You passively map a small area around you.


Message History

You hit the hound.
You kill the hound!
Your Invocations skill increases to level 3!
You see here a hound corpse.
You see here an arrow.
d - 36 arrows (gained 1)
You see here a falchion.
You see here a scroll labeled NUDYSA COLIGRU.
h - 2 scrolls labeled NUDYSA COLIGRU (gained 1)
The leopard gecko hisses angrily.
The leopard gecko misses you.
You hit the leopard gecko.
The leopard gecko is moderately wounded.
The leopard gecko misses you.
You hit the leopard gecko.
The leopard gecko is almost dead.
The leopard gecko misses you.
You hit the leopard gecko.
You kill the leopard gecko!
Found 15 gold pieces.
Found 9 gold pieces.
Found a leather armour.
Found 9 gold pieces.
You are feeling hungry.
Why would you want to do that?
You open the door.
Found a bloodstained altar of Trog.
There is an open door here.
You open the door.
Found 14 gold pieces.
There is an open door here.
You see here 14 gold pieces.
You now have 133 gold pieces (gained 14).
You open the door.
There is an open door here.
You see here 9 gold pieces.
You now have 142 gold pieces (gained 9).
Found a stone staircase leading down.
You see here 15 gold pieces.
Unknown command.
You now have 157 gold pieces (gained 15).
A leopard gecko comes into view.
You see here 9 gold pieces.
You now have 166 gold pieces (gained 9).
The helpless leopard gecko fails to defend itself.
You impale the leopard gecko!!
You kill the leopard gecko!
There is a stone staircase leading down here.
You climb downwards.
There is a stone staircase leading up here.
Unknown command.
Found 2 ruby potions.
Unknown command.
Found an emerald potion.
An ice beast comes into view.
You aren't carrying any potions.
Unknown command.
You see here an emerald potion.
It was a potion of curing.
You feel better.
You closely miss the ice beast. The ice beast barely misses you.
You puncture the ice beast! You claw the ice beast.
The ice beast is moderately wounded.
The ice beast hits you but does no damage.
You hit the ice beast. You claw the ice beast.
The ice beast is heavily wounded.
The ice beast completely misses you.
You hit the ice beast. Your kick misses the ice beast.
The ice beast is severely wounded.
The ice beast hits you. The ice beast freezes you!
You hit the ice beast.
The ice beast is severely wounded.
You hit the ice beast. You claw the ice beast.
The ice beast is almost dead.
The ice beast hits you. The ice beast freezes you.
You closely miss the ice beast.
The ice beast is almost dead.
The ice beast misses you.
You hit the ice beast.
You kill the ice beast!
You have reached level 8!
You feel stronger.
An ice beast comes into view.
You see here 2 ruby potions.
t - 2 ruby potions A howler monkey comes into view.
Wield which item (- for none, * to show all)? (? for menu, Esc to quit)
b - a +0 dagger (weapon)
Unknown command.
Joseph, a Mercenary comes into view.
He is wielding an antimagic quarterstaff.
The howler monkey howls!
Joseph shouts!
Joseph unwields an uncursed antimagic quarterstaff.
Joseph wields a glowing hunting sling.
It bursts into flame!
Joseph shoots a sling bullet.
The sling bullet hits you!!
* * * LOW HITPOINT WARNING * * *
The sling bullet burns you!
* * * LOW HITPOINT WARNING * * *
It was a potion of resistance.
You feel protected. The howler monkey barely misses you.
Are you sure you want to abandon this character and quit the game? (Confirm with "yes".)

, .........#######
########.......#...#.#
#..<..............#.#
*#.#####..####.......#
, .. #..#.......... ##
* * #...........#, * ,
, ,,#.##........#, *
#.#######...#.## *
,#......@hY...... *
#########.#.#.## * **
... , * ** ...#∆ * *
.#.# , , *, *.#.# * ,
*, @# # , * .# *


You could see an ice beast and a howler monkey.

Vanquished Creatures
  Grinder (D:4)
  Menkaure (D:4)
  An ice beast (D:7)
  A necrophage (D:5)
  A bullfrog (D:5)
  A scorpion (D:4)
  3 hounds
  An orc wizard (D:4)
  A bullfrog skeleton (D:6)
  3 worker ants
  A hound zombie (D:4)
  An adder (D:3)
  An ooze (D:4)
  A worm (D:2)
  2 leopard geckos (D:6)
  4 orcs (D:5)
  A goblin (D:1)
  A hobgoblin (D:2)
  2 quokkas
  A ball python (D:2)
  A bat (D:4)
  A frilled lizard (D:4)
  A rat (D:1)
32 creatures vanquished.

Notes
Turn   | Place    | Note
-------+----------+-------------------------------------------
     0 | D:1      | tidbits the Gnoll Wanderer began the quest for the Orb.
     0 | D:1      | tidbits set off with: a +2 short sword, a potion of lignification, a +0 shortbow, 26 arrows, a +0 robe, a +0 dagger, a ration
     0 | D:1      | Reached XP level 1. HP: 17/17 MP: 1/1
   144 | D:2      | Reached XP level 2. HP: 19/23 MP: 2/2
   234 | D:5      | Entered Level 5 of the Dungeon
   235 | D:5      | Reached skill level 6 in Stealth
   235 | D:5      | Reached skill level 1 in Invocations
   235 | D:5      | Reached XP level 3. HP: 28/28 MP: 2/4
   252 | D:4      | Reached skill level 1 in Long Blades
   252 | D:4      | Reached skill level 1 in Axes
   252 | D:4      | Reached skill level 1 in Maces & Flails
   252 | D:4      | Reached skill level 1 in Polearms
   252 | D:4      | Reached skill level 1 in Staves
   252 | D:4      | Reached skill level 1 in Slings
   252 | D:4      | Reached skill level 1 in Crossbows
   252 | D:4      | Reached skill level 1 in Throwing
   252 | D:4      | Reached skill level 1 in Armour
   252 | D:4      | Reached skill level 1 in Unarmed Combat
   252 | D:4      | Reached skill level 1 in Spellcasting
   252 | D:4      | Reached skill level 1 in Evocations
   257 | D:4      | Noticed Menkaure
   260 | D:4      | Killed Menkaure
   260 | D:4      | Reached skill level 3 in Fighting
   260 | D:4      | Reached skill level 3 in Dodging
   260 | D:4      | Reached skill level 3 in Shields
   260 | D:4      | Reached skill level 1 in Conjurations
   260 | D:4      | Reached skill level 1 in Hexes
   260 | D:4      | Reached skill level 1 in Charms
   260 | D:4      | Reached skill level 1 in Summonings
   260 | D:4      | Reached skill level 1 in Necromancy
   260 | D:4      | Reached skill level 1 in Translocations
   260 | D:4      | Reached skill level 1 in Transmutations
   260 | D:4      | Reached skill level 1 in Fire Magic
   260 | D:4      | Reached skill level 1 in Ice Magic
   260 | D:4      | Reached skill level 1 in Air Magic
   260 | D:4      | Reached skill level 1 in Earth Magic
   260 | D:4      | Reached skill level 1 in Poison Magic
   260 | D:4      | Reached XP level 4. HP: 25/35 MP: 4/6
   260 | D:4      | Reached XP level 5. HP: 29/41 MP: 4/7
   299 | D:3      | Found a basalt altar of Yredelemnul.
   351 | D:4      | Noticed Grinder
   366 | D:4      | Reached XP level 6. HP: 47/47 MP: 8/8
   371 | D:4      | Paralysed by Grinder for 6 turns
   384 | D:4      | Killed Grinder
   384 | D:4      | Reached skill level 5 in Short Blades
   384 | D:4      | Reached skill level 2 in Long Blades
   384 | D:4      | Reached skill level 2 in Axes
   384 | D:4      | Reached skill level 2 in Maces & Flails
   384 | D:4      | Reached skill level 2 in Polearms
   384 | D:4      | Reached skill level 2 in Staves
   384 | D:4      | Reached skill level 2 in Slings
   384 | D:4      | Reached skill level 5 in Bows
   384 | D:4      | Reached skill level 2 in Crossbows
   384 | D:4      | Reached skill level 2 in Throwing
   384 | D:4      | Reached skill level 2 in Armour
   384 | D:4      | Reached skill level 2 in Unarmed Combat
   384 | D:4      | Reached skill level 2 in Spellcasting
   384 | D:4      | Reached skill level 2 in Invocations
   384 | D:4      | Reached skill level 2 in Evocations
   429 | D:4      | Reached XP level 7. HP: 41/52 MP: 10/10
   662 | D:5      | Found a runed door.
   667 | D:5      | Noticed melvinkitnick's ghost (amateur GrFi)
   756 | D:5      | Reached skill level 2 in Conjurations
   756 | D:5      | Reached skill level 2 in Hexes
   756 | D:5      | Reached skill level 2 in Charms
   756 | D:5      | Reached skill level 2 in Summonings
   756 | D:5      | Reached skill level 2 in Necromancy
   756 | D:5      | Reached skill level 2 in Translocations
   756 | D:5      | Reached skill level 2 in Transmutations
   756 | D:5      | Reached skill level 2 in Fire Magic
   756 | D:5      | Reached skill level 2 in Ice Magic
   756 | D:5      | Reached skill level 2 in Air Magic
   756 | D:5      | Reached skill level 2 in Earth Magic
   756 | D:5      | Reached skill level 2 in Poison Magic
   937 | D:6      | Gained mutation: You passively map a small area around you. [potion of mutation]
   937 | D:6      | Gained mutation: You are partially covered in icy blue scales. (AC +2) [potion of mutation]
   937 | D:6      | Gained mutation: You have sharp toenails. [potion of mutation]
   971 | D:6      | Reached skill level 3 in Invocations
  1029 | D:6      | Found a bloodstained altar of Trog.
  1126 | D:7      | Reached XP level 8. HP: 31/60 MP: 12/12
  1143 | D:7      | Noticed Joseph
  1143 | D:7      | HP: 2/60 [Joseph/sling bullet (10)]
  1146 | D:7      | Quit the game

Skill      XL: |  1  2  3  4  5  6  7 |
---------------+----------------------+-----
Stealth        | 6 |  6.6
Invocations    | 1 2 3 |  3.1
Long Blades    | 1 2 |  2.8
Axes           | 1 2 |  2.8
Maces & Flails | 1 2 |  2.8
Polearms       | 1 2 |  2.8
Staves         | 1 2 |  2.8
Slings         | 1 2 |  2.8
Crossbows      | 1 2 |  2.8
Throwing       | 1 2 |  2.8
Armour         | 1 2 |  2.8
Unarmed Combat | 1 2 |  2.8
Spellcasting   | 1 2 |  2.8
Evocations     | 1 2 |  2.8
Fighting       | 3 |  3.9
Dodging        | 3 |  3.9
Shields        | 3 |  3.9
Conjurations   | 1 2 |  2.3
Hexes          | 1 2 |  2.3
Charms         | 1 2 |  2.3
Summonings     | 1 2 |  2.3
Necromancy     | 1 2 |  2.3
Translocations | 1 2 |  2.3
Transmutations | 1 2 |  2.3
Fire Magic     | 1 2 |  2.3
Ice Magic      | 1 2 |  2.3
Air Magic      | 1 2 |  2.3
Earth Magic    | 1 2 |  2.3
Poison Magic   | 1 2 |  2.3
Short Blades   | 5 |  5.4
Bows           | 5 |  5.4

Action                   |  1- 3 |  4- 6 |  7- 9 || total
-------------------------+-------+-------+-------++-------
Melee: Short sword       |    20 |    13 |    79 ||   112
       Dagger            |     4 |       |     1 ||     5
       Bite              |     2 |     2 |     5 ||     9
       Unarmed           |       |    11 |       ||    11
       Kick              |       |       |     8 ||     8
       Punch             |       |       |     1 ||     1
 Fire: Shortbow          |     4 |    13 |     9 ||    26
  Use: Potion            |       |     1 |     4 ||     5
       Scroll            |       |       |     7 ||     7
 Stab: Sleeping          |     5 |       |     2 ||     7
Armor: Robe              |     3 |     2 |     5 ||    10
       Skin              |       |     7 |       ||     7
Dodge: Dodged            |     9 |    14 |    44 ||    67

Table legend:
 A = Turns spent in this place as a percentage of turns spent in the entire game.
 B = Non-inter-level travel turns spent in this place as a percentage of non-inter-level travel turns spent in the entire game.
 C = Inter-level travel turns spent in this place as a percentage of turns spent in this place.
 D = Turns resting spent in this place as a percentage of non-inter-level travel turns spent in this place.
 E = Turns spent auto-exploring this place as a percentage of non-inter-level travel turns spent in this place.
 F = Non-inter-level travel turns spent in this place divided by the number of levels of this place that you've seen.
                   A       B       C       D       E      F
               +-------+-------+-------+-------+-------+----------------------
         Total | 100.0 | 100.0 |   0.0 |   0.0 |   0.0 | 163.7
       Dungeon | 100.0 | 100.0 |   0.0 |   0.0 |   0.0 | 163.7
               +-------+-------+-------+-------+-------+----------------------

Table legend:
 A = Kills in this place as a percentage of kills in entire the game.
 B = Kills by you in this place as a percentage of kills by you in the entire game.
 C = Kills by friends in this place as a percentage of kills by friends in the entire game.
 D = Other kills in this place as a percentage of other kills in the entire game.
 E = Experience gained in this place as a percentage of experience gained in the entire game.
 F = Experience gained in this place divided by the number of levels of this place that you have seen.
                   A       B       C       D       E      F
               +-------+-------+-------+-------+-------+----------------------
         Total | 100.0 | 100.0 |   N/A |   N/A | 100.0 | 178.0
       Dungeon | 100.0 | 100.0 |   N/A |   N/A | 100.0 | 178.0
               +-------+-------+-------+-------+-------+----------------------

Vault maps used:
D:1:      matt_arrival_refuge, minmay_misc_feat_five
D:2:      uniq_crazy_yiuf_cottage
D:3:      grunt_temple_overflow_open, marbit_many_paths,
          yredelemnul_altar_generic
D:4:      minmay_surrounded, uniq_menkaure, uniq_grinder
D:5:      grunt_gozag_statues, ebering_ghost_reflecting_pool, first_ration,
          uniq_pikel
D:6:      kiku_gazebo_garden_becter, lightli_temple_of_fire,
          kb_xom_exploding_sheep, kennysheep_minor_cross
D:7:      okawaru_altar_gauntlet_db, temple_fountains, uniq_joseph
